[ AOE2 MATCH · #513721238 ]
UnrankedMongols vs Koreans
Player's team · LOSS
Rival team · WIN
[ REPLAY ANALYSIS · EXTRACTED FROM THE RECORDED GAME ]
Feudal
8:50
Castle
28:35
Imperial
—
| APM avg | 57.9 |
| APM peak | 94 |
| eAPM avg | 23.8 |
| Villagers / military | 74 / 60 |
Focus
⚔️ 31.0% · 🌾 69.0%
Archer ×32 · Scout Cavalry ×15 · Skirmisher ×8 · Mangonel ×4 · Knight ×1
Feudal
10:14
Castle
27:11
Imperial
—
| APM avg | 48.7 |
| APM peak | 86 |
| eAPM avg | 19.9 |
| Villagers / military | 67 / 68 |
Focus
⚔️ 39.8% · 🌾 60.2%
Archer ×42 · Spearman ×13 · Skirmisher ×12 · Iron Pagoda ×1
Match map
Initial resources + every placement click. Lines = walls · curves = elevation contours. ◆ gold · ⬟ stone · ● berries · ✦ relic · ◌ wall gap
Your base· Open — unwalled flank
Quito900's base· Open — unwalled flank
Smoothed initial terrain · ◌ = detected wall gap · hover for details
Inputs per minute
— eloty - - Quito900
Build order — eloty
First 150 of 197 actions detected
| 0:00 | Queue | Villager (Male) |
| 0:02 | Build | House |
| 0:06 | Build | House |
| 0:08 | Queue | Villager (Male) |
| 0:16 | Queue | Villager (Male) |
| 0:25 | Queue | Villager (Male) |
| 1:37 | Queue | Villager (Male) |
| 2:06 | Queue | Villager (Male) |
| 2:29 | Queue | Villager (Male) |
| 2:55 | Queue | Villager (Male) |
| 3:14 | Queue | Villager (Male) |
| 3:41 | Queue | Villager (Male) |
| 3:48 | Build | Lumber Camp |
| 4:04 | Queue | Villager (Male) |
| 4:08 | Queue | Villager (Male) |
| 4:17 | Build | House |
| 4:20 | Research | Loom |
| 4:42 | Queue | Villager (Male) |
| 5:03 | Queue | Villager (Male) |
| 5:41 | Queue | Villager (Male) |
| 6:11 | Queue | Villager (Male) |
| 6:14 | Build | Mill |
| 6:36 | Research | Feudal Age |
| 8:09 | Build | Barracks |
| 8:42 | Queue | Villager (Male) |
| 8:50 | Age | Feudal Age |
| 9:20 | Build | Stable |
| 9:22 | Queue | Villager (Male) |
| 9:25 | Build | House |
| 9:58 | Queue | Scout Cavalry |
| 10:05 | Build | Blacksmith |
| 10:05 | Queue | Villager (Male) |
| 10:20 | Queue | Scout Cavalry |
| 10:21 | Queue | Villager (Male) |
| 10:34 | Queue | Scout Cavalry |
| 10:36 | Queue | Villager (Male) |
| 10:39 | Build | Farm |
| 10:58 | Queue | Scout Cavalry |
| 11:03 | Build | House |
| 11:05 | Research | Forging |
| 11:21 | Queue | Scout Cavalry |
| 12:00 | Queue | Scout Cavalry |
| 12:15 | Build | Farm |
| 12:15 | Build | Farm |
| 12:25 | Queue | Villager (Male) |
| 12:42 | Build | Farm |
| 12:43 | Queue | Villager (Male) |
| 13:17 | Build | Archery Range |
| 13:21 | Queue | Villager (Male) |
| 13:33 | Build | Watch Tower |
| 13:37 | Build | Farm |
| 13:38 | Queue | Villager (Male) |
| 13:48 | Queue | Villager (Male) |
| 13:53 | Queue | Archer |
| 13:57 | Build | House |
| 14:05 | Research | Double-Bit Axe |
| 14:25 | Queue | Villager (Male) |
| 14:54 | Queue | Villager (Male) |
| 15:04 | Queue | Villager (Male) |
| 15:20 | Build | Farm |
| 15:21 | Build | Farm |
| 15:21 | Build | Farm |
| 15:22 | Queue | Scout Cavalry |
| 15:41 | Queue | Villager (Male) |
| 16:03 | Build | Mining Camp |
| 16:03 | Queue | Villager (Male) |
| 16:19 | Queue | Villager (Male) |
| 16:58 | Queue | Villager (Male) |
| 17:10 | Queue | Villager (Male) |
| 17:29 | Queue | Archer |
| 17:32 | Queue | Archer |
| 17:54 | Queue | Villager (Male) |
| 17:54 | Queue | Archer |
| 17:56 | Queue | Archer |
| 18:29 | Queue | Archer |
| 18:35 | Build | Farm |
| 18:52 | Queue | Villager (Male) |
| 19:06 | Build | Farm |
| 19:09 | Build | Farm |
| 19:13 | Queue | Scout Cavalry |
| 19:23 | Queue | Villager (Male) |
| 19:28 | Build | Market |
| 19:34 | Queue | Archer |
| 19:41 | Queue | Villager (Male) |
| 19:57 | Queue | Archer |
| 20:14 | Build | House |
| 20:26 | Build | Palisade Wall |
| 20:38 | Queue | Archer |
| 20:47 | Build | Archery Range |
| 20:53 | Research | Fletching |
| 21:15 | Queue | Villager (Male) |
| 21:18 | Build | Farm |
| 21:19 | Build | Farm |
| 21:37 | Queue | Archer |
| 21:41 | Queue | Villager (Male) |
| 21:53 | Build | Farm |
| 22:04 | Build | Farm |
| 22:08 | Queue | Archer |
| 22:14 | Queue | Villager (Male) |
| 22:27 | Queue | Scout Cavalry |
| 22:42 | Queue | Villager (Male) |
| 22:43 | Queue | Archer |
| 22:44 | Queue | Villager (Male) |
| 22:50 | Research | Wheelbarrow |
| 22:56 | Queue | Scout Cavalry |
| 23:04 | Build | House |
| 23:08 | Queue | Archer |
| 23:13 | Build | Farm |
| 23:13 | Build | Farm |
| 23:14 | Build | Farm |
| 23:18 | Queue | Scout Cavalry |
| 23:20 | Queue | Archer |
| 23:38 | Build | House |
| 23:56 | Queue | Archer |
| 23:57 | Queue | Archer |
| 24:23 | Queue | Archer |
| 24:24 | Queue | Scout Cavalry |
| 24:37 | Queue | Archer |
| 24:43 | Queue | Archer |
| 25:08 | Queue | Archer |
| 25:22 | Queue | Archer |
| 25:48 | Queue | Archer |
| 25:55 | Research | Castle Age |
| 25:55 | Research | Castle Age |
| 26:19 | Queue | Scout Cavalry |
| 26:21 | Queue | Archer |
| 26:23 | Queue | Skirmisher |
| 26:34 | Build | Farm |
| 26:38 | Queue | Skirmisher |
| 27:46 | Queue | Archer |
| 28:02 | Queue | Skirmisher |
| 28:03 | Queue | Skirmisher |
| 28:04 | Queue | Villager (Male) |
| 28:35 | Age | Castle Age |
| 28:39 | Research | Crossbowman (upgrade) |
| 28:42 | Research | Bodkin Arrow |
| 28:42 | Research | Bodkin Arrow |
| 28:47 | Queue | Archer |
| 29:02 | Queue | Archer |
| 29:08 | Queue | Villager (Male) |
| 29:10 | Build | Mining Camp |
| 29:52 | Queue | Skirmisher |
| 29:53 | Queue | Archer |
| 29:53 | Queue | Villager (Male) |
| 30:13 | Build | Siege Workshop |
| 30:16 | Queue | Archer |
| 30:47 | Queue | Skirmisher |
| 30:48 | Queue | Archer |
| 30:49 | Queue | Villager (Male) |
| 30:53 | Queue | Scout Cavalry |
Build order — Quito900
First 150 of 217 actions detected
| 0:01 | Queue | Villager (Male) |
| 0:01 | Queue | Villager (Male) |
| 0:01 | Queue | Villager (Male) |
| 0:02 | Queue | Villager (Male) |
| 0:02 | Queue | Villager (Male) |
| 0:03 | Build | House |
| 0:05 | Build | House |
| 1:48 | Queue | Villager (Male) |
| 1:48 | Queue | Villager (Male) |
| 2:00 | Build | Lumber Camp |
| 2:03 | Queue | Villager (Male) |
| 2:32 | Queue | Villager (Male) |
| 2:43 | Queue | Villager (Male) |
| 3:25 | Queue | Villager (Male) |
| 3:31 | Build | House |
| 3:42 | Build | Palisade Wall |
| 4:00 | Queue | Villager (Male) |
| 4:00 | Queue | Villager (Male) |
| 4:09 | Queue | Villager (Male) |
| 4:36 | Queue | Villager (Male) |
| 5:26 | Queue | Villager (Male) |
| 5:49 | Queue | Villager (Male) |
| 5:53 | Queue | Villager (Male) |
| 6:10 | Research | Loom |
| 7:21 | Queue | Villager (Male) |
| 7:24 | Build | Barracks |
| 7:48 | Queue | Villager (Male) |
| 8:05 | Research | Feudal Age |
| 8:40 | Build | House |
| 9:17 | Queue | Villager (Male) |
| 9:20 | Build | Mining Camp |
| 9:53 | Queue | Villager (Male) |
| 9:55 | Build | Mill |
| 9:56 | Queue | Villager (Male) |
| 10:14 | Age | Feudal Age |
| 10:16 | Build | Watch Tower |
| 10:19 | Queue | Spearman |
| 10:19 | Queue | Spearman |
| 10:26 | Queue | Villager (Male) |
| 11:10 | Queue | Villager (Male) |
| 11:12 | Queue | Spearman |
| 11:14 | Build | House |
| 11:23 | Build | Watch Tower |
| 11:25 | Build | Palisade Wall |
| 11:30 | Build | Palisade Wall |
| 11:33 | Build | Palisade Wall |
| 11:37 | Build | Palisade Wall |
| 12:02 | Queue | Villager (Male) |
| 12:06 | Build | Archery Range |
| 12:08 | Build | House |
| 12:18 | Build | Watch Tower |
| 12:34 | Queue | Spearman |
| 13:27 | Build | House |
| 13:30 | Queue | Archer |
| 13:32 | Build | Blacksmith |
| 13:33 | Queue | Villager (Male) |
| 13:36 | Build | Farm |
| 13:36 | Build | Farm |
| 13:37 | Build | Farm |
| 13:50 | Build | Watch Tower |
| 14:07 | Build | Palisade Wall |
| 14:09 | Build | House |
| 14:10 | Build | Palisade Wall |
| 14:11 | Build | Palisade Wall |
| 14:25 | Queue | Skirmisher |
| 14:27 | Queue | Villager (Male) |
| 14:29 | Build | Farm |
| 14:29 | Build | Farm |
| 14:29 | Build | Farm |
| 15:00 | Queue | Villager (Male) |
| 15:37 | Queue | Villager (Male) |
| 15:54 | Build | Watch Tower |
| 15:57 | Build | House |
| 15:59 | Build | House |
| 16:00 | Build | Palisade Wall |
| 16:02 | Build | Palisade Wall |
| 16:04 | Queue | Villager (Male) |
| 16:17 | Build | Farm |
| 16:19 | Queue | Villager (Male) |
| 16:19 | Queue | Villager (Male) |
| 17:27 | Queue | Villager (Male) |
| 17:27 | Queue | Villager (Male) |
| 17:32 | Queue | Spearman |
| 17:48 | Queue | Spearman |
| 17:54 | Build | Farm |
| 17:55 | Queue | Villager (Male) |
| 18:26 | Queue | Villager (Male) |
| 18:26 | Queue | Villager (Male) |
| 18:29 | Queue | Skirmisher |
| 18:30 | Queue | Skirmisher |
| 18:32 | Build | Farm |
| 19:02 | Queue | Villager (Male) |
| 19:20 | Queue | Villager (Male) |
| 19:26 | Build | Mining Camp |
| 19:29 | Build | Farm |
| 19:30 | Build | Farm |
| 19:32 | Build | Farm |
| 19:35 | Build | Farm |
| 19:37 | Queue | Skirmisher |
| 19:48 | Build | House |
| 19:53 | Build | Palisade Wall |
| 19:59 | Queue | Spearman |
| 20:04 | Build | House |
| 20:26 | Queue | Villager (Male) |
| 20:38 | Queue | Villager (Male) |
| 20:41 | Queue | Skirmisher |
| 20:42 | Queue | Spearman |
| 21:06 | Build | Farm |
| 21:13 | Queue | Skirmisher |
| 21:36 | Queue | Skirmisher |
| 21:37 | Queue | Spearman |
| 21:44 | Build | Farm |
| 21:44 | Queue | Villager (Male) |
| 21:59 | Build | Farm |
| 22:01 | Queue | Villager (Male) |
| 22:11 | Research | Fletching |
| 22:13 | Build | Farm |
| 22:37 | Queue | Villager (Male) |
| 22:46 | Queue | Skirmisher |
| 22:47 | Queue | Spearman |
| 23:13 | Build | Market |
| 23:23 | Queue | Spearman |
| 23:52 | Queue | Skirmisher |
| 23:53 | Queue | Spearman |
| 23:57 | Build | Palisade Wall |
| 23:59 | Build | Palisade Wall |
| 24:12 | Queue | Skirmisher |
| 24:31 | Research | Castle Age |
| 24:34 | Build | Archery Range |
| 24:35 | Queue | Villager (Male) |
| 24:39 | Build | Watch Tower |
| 25:13 | Queue | Spearman |
| 25:14 | Queue | Skirmisher |
| 25:17 | Build | Farm |
| 25:18 | Queue | Villager (Male) |
| 25:55 | Build | Archery Range |
| 25:58 | Queue | Villager (Male) |
| 26:20 | Queue | Skirmisher |
| 26:24 | Build | Farm |
| 26:33 | Queue | Archer |
| 26:33 | Queue | Archer |
| 27:11 | Age | Castle Age |
| 27:13 | Research | Crossbowman (upgrade) |
| 27:14 | Queue | Archer |
| 27:14 | Queue | Archer |
| 27:24 | Queue | Villager (Male) |
| 27:32 | Queue | Archer |
| 27:32 | Queue | Archer |
| 28:01 | Queue | Archer |
| 28:04 | Queue | Villager (Male) |
Match timeline
| 3:42 | Quito900 · wall_segment Palisade Wall x1 |
| 7:24 | Quito900 · first_building Barracks |
| 8:09 | eloty · first_building Barracks |
| 8:50 | eloty · age_up feudal |
| 9:20 | eloty · first_building Stable |
| 10:14 | Quito900 · age_up feudal |
| 11:25 | Quito900 · wall_segment Palisade Wall x2 |
| 11:30 | Quito900 · wall_segment Palisade Wall x1 |
| 11:33 | Quito900 · wall_segment Palisade Wall x1 |
| 11:37 | Quito900 · wall_segment Palisade Wall x1 |
| 12:06 | Quito900 · first_building Archery Range |
| 13:17 | eloty · first_building Archery Range |
| 14:07 | Quito900 · wall_segment Palisade Wall x1 |
| 14:10 | Quito900 · wall_segment Palisade Wall x1 |
| 14:11 | Quito900 · wall_segment Palisade Wall x1 |
| 16:00 | Quito900 · wall_segment Palisade Wall x1 |
| 16:02 | Quito900 · wall_segment Palisade Wall x1 |
| 19:53 | Quito900 · wall_segment Palisade Wall x1 |
| 20:26 | eloty · wall_segment Palisade Wall x1 |
| 23:57 | Quito900 · wall_segment Palisade Wall x1 |
| 23:59 | Quito900 · wall_segment Palisade Wall x1 |
| 24:30 | Quito900 · first_market_buy 100 food |
| 25:54 | eloty · first_market_buy 100 food |
| 27:11 | Quito900 · age_up castle |
| 28:35 | eloty · age_up castle |
| 29:52 | Quito900 · wall_segment Palisade Wall x1 |
| 30:13 | eloty · first_building Siege Workshop |
| 31:53 | eloty · first_market_sell 100 food |
| 32:08 | Quito900 · first_market_sell 100 food |
| 37:24 | eloty · first_building Castle |
| 37:39 | Quito900 · first_building Siege Workshop |
| 40:07 | eloty · resign |
[ AI ANALYSIS · 1 CREDIT ]
What really happened in this match?
Wolo.gg analyzes every decision: build order, eco, micro, common mistakes by bracket. Personalized analysis on WhatsApp or Discord in 30 seconds.
Civ guide
Mongols
Perfil
Jugador #3126945